 Dungeon Crawl Stone Soup version 0.31-a0-1476-g8a4046af8c (webtiles) character file.

Game seed: 10922979436130948520

70 Ivernyr the Shield-Bearer (level 4, 0/37 HPs)
             Began as a Formicid Fighter on Dec 29, 2023.
             Slain by a gnoll
             ... wielding a +0 club
              (6 damage)
             ... on level 1 of the Dungeon.
             The game lasted 00:01:57 (930 turns).

Ivernyr the Shield-Bearer (Formicid Fighter)         Turns: 930, Time: 00:01:58

Health: 0/37       AC:  7    Str: 23    XL:     4   Next: 45%
Magic:  4/4        EV:  9    Int:  7    God:
Gold:   67         SH:  5    Dex: 13    Spells: 3/3 levels left

rFire   . . .        a - +0 quarterstaff
rCold   . . .        c - +0 buckler
rNeg    . . .        b - +0 scale mail
rPois   .            (helmet unavailable)
rElec   .            (no cloak)
rCorr   .            (no gloves)
SInv    +            (no boots)
Will    .....        (no amulet) Stlth
                     (no ring)
HPRegen 0.26/turn    (no ring)
MPRegen 0.09/turn

%: no passive effects
@: no status effects
A: permanent stasis, dig shafts and tunnels, antennae 3, four strong arms
a: Dig, Shaft Self


You were on level 1 of the Dungeon.
You visited 1 branch of the dungeon, and saw 2 of its levels.

You collected 67 gold pieces.

Inventory:

Hand Weapons
 a - a +0 quarterstaff (weapon)
Armour
 b - a +0 scale mail (worn)
 c - a +0 buckler (worn)
Scrolls
 f - 2 scrolls of identify {unknown}
 g - a scroll of vulnerability {unknown}
 j - a scroll of silence {unknown}
Potions
 d - a potion of might
 e - 2 potions of curing {unknown}
 h - a potion of lignification {unknown}
 i - a potion of haste {unknown}


   Skills:
 + Level 3.8 Fighting
 * Level 3.1 Staves
 + Level 3.7 Armour
 + Level 4.6 Shields


You had 3 spell levels left.
You didn't know any spells.
Your spell library contained the following spells:

 Spells                   Type           Power      Damage    Failure   Level
 Freeze                   Ice            0%         1d3       80%         1
 Frozen Ramparts          Ice            0%         1d1       99%         3
 Hailstorm                Conj/Ice       0%         3d5       99%         3
 Volatile Blastmotes      Fire/Tloc      0%         2d10      99%         3
 Fulminant Prism          Conj/Alch      0%         3d5       100%        4
 Iskenderun's Mystic Bla  Conj/Tloc      0%         2d3       100%        4
 Leda's Liquefaction      Alch/Erth      0%         N/A       100%        4
 Lee's Rapid Deconstruct  Erth           0%         3d4*      100%        5
 Bombard                  Conj/Erth      0%         9d1       100%        6


Dungeon Overview and Level Annotations

Branches:
Dungeon (2/15)

Altars:


Innate Abilities, Weirdness & Mutations

You cannot be hasted, slowed, berserked, paralysed or teleported.
You can dig through walls and to a lower floor.
You have a pair of large antennae on your head. (SInv)
Your four strong arms can wield two-handed weapons with a shield.


Message History

You hit the gnoll.
The gnoll is heavily wounded.
The gnoll hits you from afar with a +0 halberd.
The gnoll closely misses you.
You hit the gnoll.
The gnoll is almost dead.
The gnoll hits you from afar with a +0 halberd.
You block the gnoll's attack.
You barely miss the gnoll.
The gnoll is almost dead.
The gnoll hits you with a +0 halberd. You block the gnoll's attack.
You barely miss the gnoll.
The gnoll is almost dead.
The gnoll barely misses you. x2
The gnoll hits you from afar with a +0 halberd.
* * * LOW HITPOINT WARNING * * *
The gnoll attacks as it pursues you! The gnoll hits you but does no damage.
The gnoll attacks as it pursues you! The gnoll closely misses you.
Items here: ( )) †††.
The gnoll attacks as it pursues you! You block the gnoll's attack.
The gnoll attacks as it pursues you! The gnoll barely misses you.
Found a stone staircase leading down.
There is a stone staircase leading up here.
You block the gnoll's attack. The gnoll hits you with a +0 halberd!
* * * LOW HITPOINT WARNING * * *
You hit the gnoll.
You kill the gnoll!
The kobold throws a stone.
The stone hits you.
* * * LOW HITPOINT WARNING * * *
Unknown command.
The kobold throws a stone.
The stone completely misses you.
There is a stone staircase leading up here.
The gnoll hits you with a +0 club.
* * * LOW HITPOINT WARNING * * *
You block the gnoll's attack.
You climb upwards.
There is a stone staircase leading down here.
You barely miss the gnoll. The gnoll hits you with a +0 club.
You die...

## .# .# ##### .###...#
##### .......###########
#...### .......'.......g@#
#.#.#.###
.......#########.###.#.#.†.#
.......# #........#.#.#.#)#
....####
#......#÷#.#.#.#.#### ....#
#.....##.#.....#....# ....#
#.....##.###.######.# ....#
#.....##.....# #.### #####
#####.######## #....
######..# ####.


You could see a gnoll.

Vanquished Creatures
  2 gnolls (D:2)
  2 dart slugs (D:1)
  3 endoplasms (D:1)
  A goblin (D:1)
  4 hobgoblins (D:1)
  10 jackals (D:1)
  A quokka (D:1)
  A ball python (D:1)
  3 bats
  3 frilled lizards
  8 kobolds
  6 rats
44 creatures vanquished.

Notes
Turn   | Place    | Note
-------+----------+-------------------------------------------
     0 | D:1      | Ivernyr the Formicid Fighter began the quest for the Orb.
     0 | D:1      | Reached XP level 1. HP: 18/18 MP: 1/1
   144 | D:1      | Reached XP level 2. HP: 24/24 MP: 2/2
   246 | D:1      | Reached XP level 3. HP: 27/29 MP: 3/3
   295 | D:1      | Found a faded altar of an unknown god.
   830 | D:2      | Reached XP level 4. HP: 37/37 MP: 4/4
   930 | D:1      | Slain by a gnoll

Illustrated notes

Levels and vault maps discovered:
D:1:      shiori_shiawase, layout_basic, hellmonk_ecumenical_altar_slurped_away,
          columned_hall_lemuel, minmay_pentomino_t4
D:2:      layout_basic, minmay_increasing_density

Skill      XL: |  1  2  3  4 |
---------------+-------------+-----
Staves         | 3 |  3.1
Fighting       | |  3.8
Armour         | |  3.7
Shields        | |  4.6

Action                     |  1- 3 |  4- 6 || total
---------------------------+-------+-------++-------
  Melee: Quarterstaff      |    90 |    23 ||   113
 Armour: Scale mail        |    73 |    19 ||    92
  Dodge: Dodged            |    39 |    14 ||    53
  Block: Buckler           |    24 |    10 ||    34

Table legend: (Time is in decaauts)
 A = Elapsed time spent in this place.
 B = Non-inter-level travel time spent in this place.
 C = Inter-level travel time spent in this place.
 D = Time resting spent in this place.
 E = Time spent auto-exploring this place.
 F = Levels seen in this place.
 G = Mean time per level.
                   A        B        C        D        E       F      G
               +--------+--------+--------+--------+--------+-----+--------+
         Total |    952 |    941 |     11 |      6 |    638 |   2 |  476.0 |
       Dungeon |    952 |    941 |     11 |      6 |    638 |   2 |  476.0 |
               +--------+--------+--------+--------+--------+-----+--------+

Top non-repeatable levels by time:
     D:1: 841 daAuts
     D:2: 111 daAuts
